 Dungeon Crawl Stone Soup version 0.20.1-4-g4af34eaf8e (webtiles) character file.

80 Alfie the Shooter (level 4, -5/37 HPs)
             Began as a Minotaur Hunter on Feb 26, 2020.
             Slain by a gnoll
             ... wielding a +0 halberd
              (17 damage)
             ... on level 3 of the Dungeon.
             The game lasted 00:06:40 (2089 turns).

Alfie the Shooter (Minotaur Hunter)                 Turns: 2089, Time: 00:06:40

Health: -5/37      AC:  4    Str: 18    XL:     4   Next: 18%
Magic:  3/3        EV: 12    Int:  8    God:
Gold:   44         SH:  0    Dex: 10    Spells: 3/3 levels left

rFire    . . .     SeeInvis .   a - +1 shortbow
rCold    . . .     Gourm    .   (shield currently unavailable)
rNeg     . . .     Faith    .   c - +1 leather armour
rPois    .         Spirit   .   (helmet restricted)
rElec    .         Reflect  .   (no cloak)
rCorr    .         Harm     .   (no gloves)
MR       .....                  (no boots)
Stlth    +.........             (no amulet)
Regen    0.2/turn               (no ring)
MPRegen  0.1/turn               (no ring)

@: no status effects
A: retaliatory headbutt, horns 2
a: no special abilities


You were on level 3 of the Dungeon.
You were not hungry.

You visited 1 branch of the dungeon, and saw 3 of its levels.

You collected 44 gold pieces.

Inventory:

Hand Weapons
 a - a +1 shortbow (weapon)
 b - a +0 short sword
Missiles
 d - 4 arrows (quivered)
Armour
 c - a +1 leather armour (worn)
Jewellery
 m - an uncursed amulet of magic regeneration
Wands
 e - a wand of random effects (32/48)
Scrolls
 j - a scroll of magic mapping
 k - a scroll of identify
Potions
 g - a potion of heal wounds {unknown}
 h - a potion of magic
 l - 4 potions of curing {unknown}
Comestibles
 f - 2 fruits
 i - a bread ration


   Skills:
 + Level 2.9 Fighting
 + Level 0.4 Short Blades
 + Level 5.6 Bows
 + Level 1.0 Armour
 + Level 2.5 Dodging
 + Level 0.8 Stealth


You had 3 spell levels left.
You didn't know any spells.

Dungeon Overview and Level Annotations

Branches:
Dungeon (3/15)

Altars:
Kikubaaqudgha
Ru


Innate Abilities, Weirdness & Mutations

You reflexively headbutt those who attack you in melee.
You have a pair of horns on your head.


Message History

The gnoll misses you.
Firing (i - inventory):
d - 7 arrows (quivered)
Press: ? - help, Shift-Dir - straight line, f - gnoll
Aim: a gnoll, wielding a halberd You shoot an arrow.
The arrow hits the gnoll!
The gnoll is heavily wounded.
Firing (i - inventory):
d - 6 arrows (quivered)
Press: ? - help, Shift-Dir - straight line, f/p - gnoll
Aim: a gnoll, wielding a halberd (heavily wounded)
You shoot an arrow. The arrow hits the gnoll.
The gnoll is severely wounded.
The gnoll hits you from afar with a halberd!
* * * LOW HITPOINT WARNING * * *
Firing (i - inventory):
d - 5 arrows (quivered)
Press: ? - help, Shift-Dir - straight line, f/p - gnoll
Aim: a gnoll, wielding a halberd (severely wounded)
You shoot an arrow. The arrow hits the gnoll.
The gnoll is almost dead.
The gnoll hits you from afar with a halberd!
You die...

.# .# ###### ##.# .# #.
.... ...# .###...
#..#####W.#######.#.....
#......#..#(..K..g.....>
#...# ...#g###.g......g
#...####.##g# #.........
#........##(# #....?...$
#.†########@# #.....(...
######..# #......#
#......... ........#
#.###### #.........
######)## #.# ##########
# #.# #.##### #
#.####>....# #
#......###.# #
######.....# # #######


You could see 2 gnolls.

Vanquished Creatures
  A gnoll (D:1)
  An adder (D:2)
  2 oozes (D:1)
  2 worms (D:2)
  2 dart slugs (D:1)
  An orc (D:3)
  7 goblins
  3 hobgoblins
  A ball python (D:2)
  5 bats (D:1)
  8 frilled lizards
  9 kobolds
  7 rats
49 creatures vanquished.

Notes
Turn   | Place    | Note
-------+----------+-------------------------------------------
     0 | D:1      | Alfie the Minotaur Hunter began the quest for the Orb.
     0 | D:1      | Reached XP level 1. HP: 18/18 MP: 0/0
    63 | D:1      | Reached XP level 2. HP: 15/25 MP: 1/1
   164 | D:1      | Reached skill level 5 in Bows
   217 | D:1      | Reached XP level 3. HP: 27/30 MP: 2/2
  1165 | D:2      | Found a faded altar of an unknown god.
  1306 | D:2      | Found a sacrificial altar of Ru.
  1468 | D:2      | Found an ancient bone altar of Kikubaaqudgha.
  1595 | D:2      | Reached skill level 1 in Armour
  1609 | D:2      | Reached XP level 4. HP: 30/37 MP: 3/3
  1984 | D:3      | Noticed a hungry ghost
  2089 | D:3      | Slain by a gnoll

Skill      XL: |  1  2  3 |
---------------+----------+-----
Bows           | 5 |  5.6
Armour         | 1 |  1.0
Fighting       | |  2.9
Short Blades   | |  0.4
Dodging        | |  2.5
Stealth        | |  0.8

Action                   |  1- 3 |  4- 6 || total
-------------------------+-------+-------++-------
Melee: Short sword       |    43 |    16 ||    59
       Headbutt          |     8 |     2 ||    10
 Fire: Shortbow          |    44 |    16 ||    60
  Use: Scroll            |     3 |     2 ||     5
 Stab: Sleeping          |     1 |       ||     1
  Eat: Bread ration      |     1 |       ||     1
Armor: Leather armour    |    12 |     5 ||    17
Dodge: Dodged            |    35 |     7 ||    42
